 Dungeon Crawl Stone Soup version 0.28-a0-803-g74956062c1 (webtiles) character file.

Game seed: 14030138436505898610

21347 MacCMillion the Brawler (level 12, -7/123 HPs)
             Began as a Troll Monk on Nov 1, 2021.
             Was a High Priest of Yredelemnul.
             Mangled by an orc warrior (14 damage)
             ... led by an orc high priest
             ... on level 1 of the Orcish Mines on Nov 7, 2021.
             The game lasted 01:07:43 (15839 turns).

MacCMillion the Brawler (Troll Monk)               Turns: 15839, Time: 01:07:43

Health: -7/123     AC: 10    Str: 26    XL:     12   Next: 53%
Magic:  0/16       EV: 10    Int:  6    God:    Yredelemnul [*****.]
Gold:   924        SH:  0    Dex: 12    Spells: 8/11 levels left

rFire   + . .      SeeInvis +     - Unarmed
rCold   . . .      Faith    .   (no shield)
rNeg    . . .      Spirit   +   R - +0 acid dragon scales
rPois   .          Reflect  .   (helmet restricted)
rElec   .          Harm     .   i - +1 cloak
rCorr   +          Rampage  .   (gloves unavailable)
Will    .....                   (boots unavailable)
Stlth   +.........              u - amulet of guardian spirit
HPRegen 1.30/turn               c - ring of protection from fire
MPRegen 0.15/turn               x - ring of see invisible

@: no status effects
A: large, unfitting armour, claws 3, regeneration 1, shaggy fur 1, tough skin 1
a: Renounce Religion, Recall Undead Slaves, Injury Mirror, Animate Dead, Drain
Life, Enslave Soul


You were on level 1 of the Orcish Mines.
You worshipped Yredelemnul.
Yredelemnul was extremely pleased with you.
You visited 3 branches of the dungeon, and saw 15 of its levels.
You also visited: Sewer.

You collected 1677 gold pieces.
You spent 753 gold pieces at shops.

Inventory:

Hand Weapons
 m - a +2 flail of protection
 r - a +3 flail of protection
 L - the +8 longbow "Zephyr" {speed, Dex+3 SInv}
   (You found it on level 9 of the Dungeon)

   Attacks with this weapon are significantly faster.
   Dex:       It affects your dexterity (+3).
   SInv:      It lets you see invisible.
 Y - a +1 giant spiked club of protection
Missiles
 b - 2 throwing nets
 h - 56 poisoned darts
 q - 6 javelins
 C - 2 curare-tipped darts
 F - 12 boomerangs
 J - 4 large rocks (quivered)
Armour
 a - a +0 robe
 i - a +1 cloak (worn)
 H - a +0 kite shield
 P - +0 steam dragon scales
 R - +0 acid dragon scales (worn)
Jewellery
 c - a ring of protection from fire (left claw)
 u - an amulet of guardian spirit (around neck)
 x - a ring of see invisible (right claw)
Wands
 G - a wand of mindburst (15)
 M - a wand of acid (6)
 N - a wand of flame (7)
 S - a wand of iceblast (5)
 W - a wand of paralysis (6)
Scrolls
 t - 2 scrolls of enchant weapon
 v - a scroll of fog
 w - a scroll of silence
 y - a scroll of enchant armour
 z - 3 scrolls of magic mapping
 D - a scroll of blinking
 I - a scroll of summoning
 K - a scroll of amnesia
 O - a scroll of fear
 V - a scroll of immolation
Potions
 f - 4 potions of curing
 g - 5 potions of flight
 j - 2 potions of invisibility
 k - 4 potions of lignification
 l - a potion of ambrosia
 n - 2 potions of haste
 o - a potion of brilliance
 s - a potion of might
 A - a potion of attraction {unknown}
 E - a potion of resistance {unknown}
 Q - 2 potions of mutation
 X - a potion of magic {unknown}


   Skills:
 + Level 9.1 Fighting
 - Level 3.0 Throwing
 + Level 3.0 Dodging
 - Level 1.0 Stealth
 + Level 4.7 Shields
 - Level 15.1 Unarmed Combat
 + Level 0.1 Earth Magic
 + Level 7.4 Invocations


You had 8 spell levels left.
You knew the following spells:

 Your Spells              Type           Power      Damage    Failure   Level
a - Stone Arrow           Conj/Erth      0%         3d7       88%         3

Your spell library contained the following spells:

 Spells                   Type           Power      Damage    Failure   Level
 Foxfire                  Conj/Fire      0%         2x1d4     52%         1
 Magic Dart               Conj           0%         1d3       52%         1
 Slow                     Hex            0%         N/A       52%         1
 Call Imp                 Summ           0%         N/A       67%         2
 Corpse Rot               Necr/Air       0%         N/A       67%         2
 Static Discharge         Conj/Air       0%         N/A       67%         2
 Sublimation of Blood     Necr           0%         N/A       67%         2
 Wereblood                Tmut           0%         N/A       67%         2
 Confusing Touch          Hex            0%         N/A       88%         3
 Conjure Flame            Conj/Fire      0%         6-21      88%         3
 Dazzling Flash           Conj/Hex       0%         N/A       88%         3
 Inner Flame              Hex/Fire       0%         N/A       88%         3
 Mephitic Cloud           Conj/Pois/Air  0%         N/A       88%         3
 Animate Armour           Summ/Erth      0%         N/A       99%         4
 Flame Wave               Conj/Fire      0%         3d3       99%         4
 Iskenderun's Mystic Bla  Conj/Tloc      0%         2d3       99%         4
 Petrify                  Tmut/Erth      0%         N/A       99%         4
 Alistair's Intoxication  Tmut/Pois      0%         N/A       100%        5
 Borgnjor's Vile Clutch   Necr/Erth      0%         N/A       100%        5
 Irradiate                Conj/Tmut      0%         3d13      100%        5
 Iskenderun's Battlesphe  Conj           0%         2d6       100%        5
 Yara's Violent Unravell  Hex/Tmut       0%         3d3       100%        5
 Eringya's Noxious Bog    Tmut/Pois      0%         N/A       100%        6
 Iron Shot                Conj/Erth      0%         9d1       100%        6
 Starburst                Conj/Fire      0%         6d3       100%        6
 Spellforged Servitor     Conj/Summ      0%         N/A       100%        7
 Lehudib's Crystal Spear  Conj/Erth      0%         10d2      100%        8


Dungeon Overview and Level Annotations

Branches:
Dungeon (13/15)            Temple (0/1) D:7            Lair (1/6) D:10
    Orc (1/2) D:12          Sewer (visited)
 Vaults: D:13-14

Altars:
Elyvilon
Sif Muna
Trog
Uskayaw
Vehumet
Xom
Yredelemnul
Zin

Shops:
D:5 [!:*   D:7 (   D:8 *   D:9 (   D:13 :

Annotations:
D:9 2 exclusions
D:10 exclusion: downstairs


Innate Abilities, Weirdness & Mutations

You are too large for most types of armour.
You have claws for hands.
Your natural rate of healing is unusually fast.
You are covered in fur. (AC +1)
You have tough skin. (AC +1)


Message History

You closely miss the orc sorcerer.
The orc sorcerer is almost dead.
The orc warrior hits you but does no damage.
The orc sorcerer mumbles some strange words.
The orc high priest hits you from afar with a +0 halberd.
The cyclops throws a large rock.
The large rock hits you!
Unknown command.
You completely miss the orc sorcerer. You claw the orc sorcerer.
The sixfirhy disappears in a puff of smoke!
The orc sorcerer's soul is now yours.
The orc warrior hits you from afar with a +1 trident of flaming!
The orc warrior burns you.
The ice devil hits your spectral orc sorcerer.
The ice devil freezes your spectral orc sorcerer!
Your spectral orc sorcerer resists.
The orc high priest hits you but does no damage.
The orc warrior hits you from afar with a +1 trident of flaming!
The orc warrior burns you. The ice devil hits you. The ice devil freezes you!
* * * LOW HITPOINT WARNING * * *
The orc high priest utters an invocation to Beogh.
You feel much better.
The orc warrior hits you from afar with a +1 trident of flaming!
The orc warrior burns you. The ice devil misses you.
The cyclops throws a large rock.
The large rock barely misses your spectral orc sorcerer.
The large rock hits you!
The orc high priest hits you with a +0 halberd!
The red devil barely misses you.
Unknown command.
The orc warrior hits you from afar with a +1 trident of flaming.
The ice devil barely misses your spectral orc sorcerer.
The orc high priest invokes the aid of Beogh against you.
Pain shoots through your body!
* * * LOW HITPOINT WARNING * * *
There is a staircase back to the Dungeon, spattered with blood here.
The cyclops hits you!!
* * * LOW HITPOINT WARNING * * *
The orc warrior hits you from afar with a +1 trident of flaming!
You die...
Your body rises from the dead as a mindless zombie.

*,,.##**,,,* **,,..#*,,,,**
*,,....,,,,,,**
###,.....,,*,,,,*
##.##.....,,**,,** *
##..4.§§...,,**,,,* **
***#o..o..§.#*,,,**,** ,*
###.##)..4....#*,,,**,** **
**#......@Z4>...#∩,,,∩*,,*
*
**,....##..C..$..#*,,,**,*,
*,,..,**#......$.#*,,,**,,,
**,*,**,#......#.#,,,,,,*,,
*****,,....$......,,,,,,,,
**,.#..$.....#.,,,,**,*
*,..#......###,,,,*****
**.*##....## **,,,* ***
**,,,* **,**


You could see an orc high priest, a cyclops, an ice devil (summoned), a chaos
spawn (summoned), a red devil (summoned), an orc warrior and a friendly spectral
orc sorcerer.

Vanquished Creatures
  A hydra (D:9)
  2 boulder beetles
  A two-headed ogre (D:9)
  A centaur warrior (D:13)
  A sea snake (shapeshifter) (D:13)
  Pikel (D:8)
  A harpy (D:9)
  A deep elf pyromancer (D:13)
  A cyclops (D:12)
  A manticore (D:11)
  An unseen horror (D:13)
  2 kobold demonologists (D:8)
  Maggie (D:6)
  4 trolls (D:12)
  2 hornets
  2 water elementals (D:13)
  A meliai zombie (D:11)
  2 vampires
  7 yaks (D:11)
  2 wyverns
  2 basilisks (D:13)
  A wraith (D:13)
  11 vampire mosquitoes
  A steam dragon (D:10)
  Edmund (D:6)
  2 acid dragons
  3 water moccasins
  8 orc warriors
  5 ogres
  An ice beast (D:4)
  3 black bears
  5 wolves (Lair:1)
  6 centaurs
  4 lemures (D:8)
  6 kobold brigands
  8 gnoll sergeants
  A wyvern zombie (D:5)
  4 bullfrogs
  2 scorpions
  A wyvern skeleton (D:6)
  6 killer bees
  6 electric eels (D:13)
  2 wights
  7 howler monkeys
  4 centaur zombies
  A jelly (D:6)
  A bullfrog skeleton (D:5)
  8 orc priests
  3 centaur skeletons
  2 gnoll shamans
  6 hounds
  8 orc wizards
  11 iguanas
  A hound zombie (D:5)
  A mummy (D:5)
  3 howler monkey zombies
  28 gnolls
  A howler monkey skeleton (D:7)
  A river rat (D:6)
  5 adders
  A shadow imp (D:6)
  2 worms
  4 dart slugs
  48 orcs
  8 endoplasms
  6 giant cockroaches
  6 goblins
  4 hobgoblins
  6 jackals
  26 kobolds
  5 quokkas
  5 ball pythons
  4 bats
  4 frilled lizards
  A hobgoblin zombie (D:5)
  2 kobold zombies (D:5)
  An orc zombie (D:5)
  11 rats
  A spectral hobgoblin (D:1)
360 creatures vanquished.

Vanquished Creatures (collateral kills)
  A harpy (shapeshifter) (D:13)
  A deep elf pyromancer (D:12)
  A cyclops (D:9)
  2 komodo dragons
  2 yaks (D:9)
  2 water elementals (D:13)
  A vampire mosquito (D:11)
  An orc warrior (D:9)
  An ogre (D:6)
  A wolf (Lair:1)
  A kobold brigand (D:9)
  A bullfrog (D:6)
  A gnoll sergeant (D:12)
  3 electric eels
  3 wights (D:10)
  A gnoll shaman (D:5)
  A hound (D:5)
  An orc wizard (D:13)
  An iguana (D:6)
  A howler monkey zombie (D:7)
  A gnoll (D:5)
  An adder (D:5)
  8 orcs
  3 jackals (D:5)
  2 kobolds (D:6)
  2 frilled lizards (D:7)
44 creatures vanquished.

Vanquished Creatures (others)
  7 flying skulls
  A wraith (Lair:1)
  A wight (Lair:1)
  A mummy (D:12)
  A two-headed ogre zombie (D:9)
  A manticore skeleton (D:11)
  2 vampire mosquito zombies (D:11)
  A cyclops zombie (D:12)
  3 wolf zombies (Lair:1)
  2 hornet zombies
  2 wyvern zombies
  An elf zombie (D:12)
  A komodo dragon zombie (Lair:1)
  2 water moccasin zombies
  An acid dragon zombie (D:12)
  A basilisk zombie (D:13)
  5 yak zombies
  An adder zombie (D:6)
  An electric eel zombie (D:13)
  A giant cockroach zombie (D:6)
  3 gnoll zombies
  2 hound zombies (D:5)
  2 howler monkey zombies (D:11)
  An iguana zombie (D:7)
  2 killer bee zombies (D:8)
  A kobold zombie (D:6)
  2 ogre zombies (D:12)
  15 orc zombies
  A quokka zombie (D:6)
  A fungus (Lair:1)
  21 plants
87 creatures vanquished.

Grand Total: 491 creatures vanquished

Notes
Turn   | Place    | Note
-------+----------+-------------------------------------------
     0 | D:1      | MacCMillion the Troll Monk began the quest for the Orb.
     0 | D:1      | Reached XP level 1. HP: 22/22 MP: 0/0
   267 | D:1      | Reached XP level 2. HP: 29/29 MP: 1/1
   339 | D:1      | Found a faded altar of an unknown god.
   940 | D:2      | Reached skill level 4 in Unarmed Combat
   940 | D:2      | Reached XP level 3. HP: 31/36 MP: 2/2
  1059 | D:2      | Reached XP level 4. HP: 45/45 MP: 3/3
  1727 | D:3      | Reached skill level 5 in Unarmed Combat
  1753 | D:3      | Reached XP level 5. HP: 48/53 MP: 4/4
  2029 | D:4      | Noticed an ice beast
  2039 | D:4      | Killed an ice beast
  2040 | D:4      | Reached skill level 6 in Unarmed Combat
  2040 | D:4      | Reached XP level 6. HP: 32/62 MP: 5/5
  2442 | D:4      | Reached XP level 7. HP: 66/70 MP: 6/6
  2577 | D:4      | Reached skill level 7 in Unarmed Combat
  2811 | D:5      | Entered Level 5 of the Dungeon
  2811 | D:5      | Found Veodwerph's Distillery.
  2811 | D:5      | Found Ugeh's Book Shop.
  2997 | D:5      | Found a basalt altar of Yredelemnul.
  3004 | D:5      | Became a worshipper of Yredelemnul the Dark
  3004 | D:5      | Reached * piety under Yredelemnul
  3004 | D:5      | Reached ** piety under Yredelemnul
  3267 | D:5      | Reached skill level 8 in Unarmed Combat
  3298 | D:5      | Reached skill level 5 in Fighting
  3381 | D:5      | Reached XP level 8. HP: 79/80 MP: 5/7
  3544 | D:5      | Found Uklueseu's General Store.
  3685 | D:5      | Reached skill level 9 in Unarmed Combat
  3777 | D:5      | Found Odghuroor's Antique Armour Boutique.
  4116 | D:6      | Reached *** piety under Yredelemnul
  4254 | D:6      | Found a glowing drain.
  4261 | Sewer    | Entered a sewer
  4350 | Sewer    | Reached skill level 1 in Invocations
  4373 | Sewer    | Found a white marble altar of Elyvilon.
  4542 | D:6      | Noticed a hornet
  4550 | D:6      | Paralysed by a hornet for 3 turns
  4554 | D:6      | Killed a hornet
  4555 | D:6      | Reached XP level 9. HP: 40/89 MP: 4/9
  4565 | D:6      | Reached skill level 10 in Unarmed Combat
  4687 | D:6      | Noticed Edmund
  4698 | D:6      | Killed Edmund
  5203 | D:6      | Noticed Maggie
  5320 | D:6      | Killed Maggie
  5549 | D:7      | Reached **** piety under Yredelemnul
  5593 | D:7      | Found a radiant altar of Vehumet.
  5654 | D:7      | Reached skill level 5 in Invocations
  5678 | D:7      | Found a glowing silver altar of Zin.
  5681 | D:7      | Found a radiant altar of Vehumet.
  5681 | D:7      | Found a shadowy altar of Dithmenos.
  5683 | D:7      | Found a white marble altar of Elyvilon.
  5683 | D:7      | Found a shimmering altar of Xom.
  5683 | D:7      | Found a glowing silver altar of Zin.
  5725 | D:7      | Found Woji's Weapon Shoppe.
  5734 | D:7      | Noticed a komodo dragon
  5801 | D:7      | Killed a komodo dragon
  5983 | D:7      | Reached XP level 10. HP: 102/102 MP: 12/12
  5991 | D:7      | Found a staircase to the Ecumenical Temple.
  6112 | D:7      | Found a glowing silver altar of Zin.
  6133 | D:7      | Reached skill level 11 in Unarmed Combat
  6464 | D:8      | Noticed Pikel
  6803 | D:8      | Found Hyomobb's General Store.
  7036 | D:8      | Noticed an orange demon
  7038 | D:8      | Noticed a soul eater
  7053 | D:9      | Found Lawaef's Antique Weapon Shop.
  7367 | D:9      | Noticed a cyclops
  7376 | D:9      | Killed a cyclops
  7418 | D:9      | Noticed a two-headed ogre
  7440 | D:9      | Killed a two-headed ogre
  7441 | D:9      | Reached skill level 12 in Unarmed Combat
  7557 | D:9      | Paralysed by a hornet for 3 turns
  7701 | D:9      | Reached ***** piety under Yredelemnul
  7747 | D:9      | Noticed a harpy
  7756 | D:9      | Killed a harpy
  8114 | D:9      | Received a gift from Yredelemnul (5 flying skulls)
  8247 | D:9      | Reached XP level 11. HP: 113/113 MP: 13/13
  8297 | D:9      | Reached skill level 13 in Unarmed Combat
  8355 | D:9      | Found the +8 longbow "Zephyr" {speed, Dex+3 SInv}
  8363 | D:9      | Found a hide-covered altar of Uskayaw.
  8690 | D:10     | Entered Level 10 of the Dungeon
  8916 | D:10     | Found a bloodstained altar of Trog.
  9205 | D:10     | Reached skill level 1 in Throwing
  9338 | D:10     | Found a staircase to the Lair.
  9609 | D:10     | Received a gift from Yredelemnul (a mummy)
  9628 | D:10     | Got Wizardry Continued
  9777 | D:11     | Noticed a boulder beetle
 10129 | D:11     | Noticed a five-headed hydra
 10183 | D:12     | Reached skill level 1 in Shields
 10368 | D:12     | Noticed a deep elf pyromancer
 10375 | D:12     | Killed a deep elf pyromancer
 10533 | D:12     | Found a staircase to the Orcish Mines.
 10677 | D:12     | Received a gift from Yredelemnul (a wight)
 11194 | Lair:1   | Entered Level 1 of the Lair of Beasts
 11289 | Lair:1   | Reached skill level 14 in Unarmed Combat
 11296 | Lair:1   | Received a gift from Yredelemnul (a wraith)
 11396 | Lair:1   | Noticed a seven-headed hydra
 12166 | D:11     | Killed a boulder beetle
 12167 | D:11     | Reached XP level 12. HP: 91/123 MP: 9/15
 12421 | D:13     | Received a gift from Yredelemnul (2 flying skulls)
 12719 | D:13     | Noticed a boulder beetle
 12737 | D:13     | Killed a boulder beetle
 12931 | D:13     | Reached skill level 15 in Unarmed Combat
 13040 | D:13     | Found Ukiphuan's Book Boutique.
 13161 | D:13     | Found a shimmering blue altar of Sif Muna.
 13323 | D:13     | Noticed a centaur warrior
 13328 | D:13     | Killed a centaur warrior
 13702 | Orc:1    | Entered Level 1 of the Orcish Mines
 13702 | Orc:1    | Noticed an orc high priest
 13895 | D:13     | Upgraded the game from 0.28-a0-771-g91a516d0e7 to
                  | 0.28-a0-803-g74956062c1
 13901 | D:13     | Identified a scroll of acquirement
 13902 | D:13     | Acquired 846 gold pieces
 14122 | D:8      | Killed Pikel
 15070 | D:9      | Killed a 12-headed hydra
 15257 | D:5      | Bought a book of Armaments for 468 gold pieces
 15304 | D:5      | Bought a potion of berserk rage for 75 gold pieces
 15304 | D:5      | Bought a potion of ambrosia for 120 gold pieces
 15304 | D:5      | Bought a potion of curing for 45 gold pieces
 15304 | D:5      | Bought a potion of curing for 45 gold pieces
 15540 | D:9      | Learned a level 3 spell: Stone Arrow
 15839 | Orc:1    | Mangled by an orc warrior

Illustrated notes

Levels and vault maps discovered:
D:1:      nzn_arrival_settlement, layout_basic,
          dreamdust_ecumenical_altar_drowned_temple, corexii_hall_statues_x,
          kennysheep_boxes
D:2:      layout_loops_ring
D:3:      layout_basic, hangedman_decor_lopped
D:4:      black_bear_nest_2, layout_basic
D:5:      layout_cave_pools, old_standard_altar, serial_gnoll_camp,
          gnoll_camp_mini_house, gnoll_camp_mini_house, gnoll_camp_huts_basic,
          gnoll_camp_mini_house, gnoll_camp_mini_doghouse, serial_shops,
          nicolae_square_shop, kennysheep_little_box, shop, shop,
          grunt_decor_one_mirror, minmay_mini_ossuary
D:6:      layout_basic, gup_sewer_entry_bubbles, hangedman_decor_diamond_cutter,
          st_stairs_11, uniq_maggie, uniq_edmund
D:7:      layout_gridville, nicolae_vehumet_radiance, doesnt_xom_only_xom,
          zin_statuary, minmay_temple_entry_enclosed_plants, serial_shops, shop,
          hangedman_decor_slide_cut, minmay_lizard_king
D:8:      layout_loops_corners, serial_shops, nicolae_square_shop, serial_glass,
          glass_columns_c, glass_columns_b, minmay_misc_feat_diagonals,
          uniq_pikel
D:9:      nzn_winding_woodlands_cross [nzn_winding_woodlands_5x15_crooked,
          nzn_winding_woodlands_5x15_twine,
          nzn_winding_woodlands_5x15_pathside_ponds,
          nzn_winding_woodlands_5x15_eye, nzn_winding_woodlands_15x15_eel_pit],
          layout_stronghold, nicolae_overflow_hidden_temple, serial_shops,
          nicolae_shop_trees, chequers_jeans, chequers_serial_rivers_large_a,
          hangedman_glass_teeth
D:10:     layout_stronghold, lemuel_tele_altar, lair_entry_dummy
D:11:     layout_small_grid
D:12:     layout_loops_ring, kennysheep_orc_monster_closet_entryway
D:13:     layout_stronghold, serial_bayou, serial_bayou_shore_a,
          serial_bayou_crossing, serial_bayou_lagoon_b, serial_bayou_ford_a,
          serial_bayou_pond_a, serial_bayou_pond_e, serial_shops, shop,
          kennysheep_orc_sif_temple
Lair:1:   layout_loops_ring, guppyfry_lair_drakes, uniq_fannar, uniq_urug
Orc:1:    layout_caves, portal_ice_cave_entry_pillars_2, special_room
          [special_room_orc], nicolae_specific_store

Skill      XL: |  1  2  3  4  5  6  7  8  9 10 11 12 |
---------------+-------------------------------------+-----
Unarmed Combat | 4 5 6 8 9 10 12 14 15 | 15.1
Fighting       | 3 4 5 6 7 8 9 |  9.1
Invocations    | 1 5 6 7 |  7.4
Throwing       | 3 |  3.0
Shields        | 3 4 |  4.7
Dodging        | 3 |  3.0
Stealth        | |  1.0
Earth Magic    | |  0.1

Action                   |  1- 3 |  4- 6 |  7- 9 | 10-12 || total
-------------------------+-------+-------+-------+-------++-------
Melee: Unarmed           |    85 |   158 |   314 |   505 ||  1062
       Punch             |     1 |     2 |    18 |    41 ||    62
Throw: Dart              |       |       |     2 |       ||     2
       Large rock        |       |       |       |    10 ||    10
Invok: Animate Remains   |       |       |     7 |       ||     7
       Animate Dead      |       |       |    11 |    36 ||    47
       Recall Undead Sla |       |       |       |     8 ||     8
       Enslave Soul      |       |       |       |     1 ||     1
Evoke: Wand              |       |       |       |     1 ||     1
  Use: Scroll            |       |       |     9 |    20 ||    29
       Potion            |       |       |     1 |     9 ||    10
 Stab: Sleeping          |     1 |     3 |       |     3 ||     7
       Distracted        |       |       |     1 |     2 ||     3
Armor: Robe              |    29 |    42 |    73 |    57 ||   201
       Acid dragon scale |       |       |       |   221 ||   221
       Steam dragon scal |       |       |       |    22 ||    22
Dodge: Dodged            |    38 |    81 |   156 |   346 ||   621

Table legend: (Time is in decaauts)
 A = Elapsed time spent in this place.
 B = Non-inter-level travel time spent in this place.
 C = Inter-level travel time spent in this place.
 D = Time resting spent in this place.
 E = Time spent auto-exploring this place.
 F = Levels seen in this place.
 G = Mean time per level.
                   A        B        C        D        E       F      G
               +--------+--------+--------+--------+--------+-----+--------+
         Total |  15801 |  14350 |   1451 |   2084 |   8358 |  16 |  987.6 |
       Dungeon |  15204 |  13754 |   1450 |   2051 |   8119 |  13 | 1169.5 |
          Lair |    345 |    345 |      0 |     18 |    137 |   1 |  345.0 |
  Orcish Mines |     26 |     26 |      0 |      0 |      0 |   1 |   26.0 |
         Sewer |    226 |    226 |      0 |     15 |    102 |   1 |  226.0 |
               +--------+--------+--------+--------+--------+-----+--------+

Top non-repeatable levels by time:
    D:10: 2074 daAuts
     D:9: 1907 daAuts
     D:6: 1322 daAuts
    D:13: 1301 daAuts
    D:12: 1260 daAuts
     D:8: 1189 daAuts
     D:5: 1112 daAuts
    D:11: 1072 daAuts
     D:4: 1033 daAuts
     D:7: 914 daAuts
     D:1: 911 daAuts
     D:2: 719 daAuts
     D:3: 385 daAuts
  Lair:1: 345 daAuts
   Sewer: 226 daAuts
